 Dungeon Crawl Stone Soup version 0.31-a0-167-g1c394c0614 (webtiles) character file.

Game seed: 2546050916564417489

3270229 epsilonplus the Axe Maniac (level 27, 273/273 HPs)
             Began as a Minotaur Fighter on June 15, 2023.
             Was a High Priest of Trog.
             Escaped with the Orb
             ... and 5 runes!
             The game lasted 02:41:19 (67178 turns).

epsilonplus the Axe Maniac (Minotaur Fighter)      Turns: 67178, Time: 02:41:20

Health: 273/273    AC: 44    Str: 47    XL:     27
Magic:  31/31      EV: 20    Int:  6    God:    Trog [*****.]
Gold:   5866       SH: 34    Dex: 19    Spells: 26/26 levels left

rFire   + + .        V - +9 broad axe (flame)
rCold   + + .        t - +6 tower shield of Creativity {Rampage rC- Regen+ Str+7 Int-4}
rNeg    + . .        Z - +9 scales of the Dragon King {rPois rF+ rC+ Will+}
rPois   +            (helmet unavailable)
rElec   .            J - scarf {rC+ rF+}
rCorr   .            R - +2 pair of gloves of Wu Jian's Envy {rPois rC+ Will+++}
SInv    .            G - +2 pair of boots
Will    +++++        M - amulet of Linearity {Reflect rN+ MP+9 SH+5} Stlth
                     k - ring "Xalonag" {Int+4 Dex+3 Slay+4}
HPRegen 1.45/turn    D - ring "Qoofuej" {*Corrode rPois Will+ Str+8 Int+2}
MPRegen 0.22/turn

%: corrode self (3%), reflection, clarity, rampage
@: studying Fire Magic
A: horns 3, retaliatory headbutt, agile 1, clarity
0: Orb of Zot
}: 5/15 runes: barnacled, slimy, silver, abyssal, gossamer
a: Renounce Religion, Berserk, Trog's Hand, Brothers in Arms


You escaped.
You worshipped Trog.
Trog was extremely pleased with you.
You visited 11 branches of the dungeon, and saw 54 of its levels.
You visited the Abyss 1 time.
You visited 1 bazaar.
You also visited: Trove and Gauntlet.

You collected 8479 gold pieces.
You spent 2613 gold pieces at shops.

Inventory:

Hand Weapons
 b - a +4 broad axe of electrocution
 V - a +9 broad axe of flaming (weapon)
Missiles
 s - 14 javelins
 A - 18 silver javelins (quivered)
 Y - 7 curare-tipped darts
Armour
 e - a +2 cloak of preservation
 t - the +6 tower shield of Creativity (worn) {Rampage rC- Regen+ Str+7 Int-4}
   (You found it on level 5 of the Pits of Slime)

   Str:       It affects your strength (+7).
   Int:       It affects your intelligence (-4).
   rC:        It makes you vulnerable to cold.
   Regen:     It increases your rate of health regeneration.
   Rampage:   It bestows one free step when moving towards enemies.
 F - the +3 crown of Dyrovepreva {rElec Int+2 SInv}
   (You found it on level 4 of the Shoals)

   Int:       It affects your intelligence (+2).
   rElec:     It insulates you from electricity.
   SInv:      It lets you see invisible.
 G - a +2 pair of boots (worn)
 J - a scarf of resistance (worn)
 R - the +2 pair of gloves of Wu Jian's Envy (worn) {rPois rC+ Will+++}
   (You found it on level 1 of the Crypt)

   rC:        It protects you from cold.
   rPois:     It protects you from poison.
   Will:      It greatly increases your willpower.
 Z - the +9 scales of the Dragon King (worn) {rPois rF+ rC+ Will+}
   (You found it on level 5 of the Lair of Beasts)

   rF:        It protects you from fire.
   rC:        It protects you from cold.
   rPois:     It protects you from poison.
   Will:      It increases your willpower.
Jewellery
 c - the dreamshard necklace {Acrobat *Dream}
   (You took it off an ogre mage on level 5 of the Vaults)

   [amulet of the acrobat]

   *Dream:    It absorbs a single lethal wound into itself, holding its wearer
   just short of death and releasing dream-creatures to guard them.
   It increases your evasion while moving and waiting.
 k - the ring "Xalonag" (left hand) {Int+4 Dex+3 Slay+4}
   (You found it in a treasure trove)

   [ring of slaying]

   Int:       It affects your intelligence (+4).
   Dex:       It affects your dexterity (+3).
   Slay:      It affects your accuracy & damage with ranged weapons and melee
   (+4).
 l - a ring of willpower
 r - the ring "Diphoch" {+Blink rCorr SInv}
   (You found it in a Gauntlet)

   [ring of resist corrosion]

   SInv:      It lets you see invisible.
   +Blink:    It lets you blink.
   rCorr:     It protects you from acid and corrosion.
 C - the ring "Hum Ceag" {*Corrode rF+ rN+++ Dex-4 SInv}
   (You found it in a treasure trove)

   [ring of protection from fire]

   Dex:       It affects your dexterity (-4).
   rF:        It protects you from fire.
   rN:        It renders you almost immune to negative energy.
   SInv:      It lets you see invisible.
   *Corrode:  It may corrode you when you take damage.
 D - the ring "Qoofuej" (right hand) {*Corrode rPois Will+ Str+8 Int+2}
   (You found it on level 4 of the Shoals)

   [ring of willpower]

   Str:       It affects your strength (+8).
   Int:       It affects your intelligence (+2).
   rPois:     It protects you from poison.
   *Corrode:  It may corrode you when you take damage.
   Will:      It increases your willpower.
 M - the amulet of Linearity (around neck) {Reflect rN+ MP+9 SH+5}
   (You took it off an orc knight on level 1 of the Orcish Mines)

   [amulet of reflection]

   It reflects blocked missile attacks.
   rN:        It protects you from negative energy.
   MP:        It affects your magic capacity (+9).
   SH:        It affects your SH (+5).
 O - the amulet of Coabesm {Faith Fly SInv Stlth+}
   (You found it in a treasure trove)

   [amulet of faith]

   It allows you to gain divine favour quickly.
   SInv:      It lets you see invisible.
   Fly:       It grants you flight.
   Stlth:     It makes you more stealthy.
Wands
 a - a wand of paralysis (35)
 y - a wand of digging (16)
 E - a wand of iceblast (48)
 K - a wand of quicksilver (20)
Scrolls
 g - 6 scrolls of immolation
 n - 10 scrolls of fog
 u - 5 scrolls of revelation
 B - 7 scrolls of blinking
 H - 22 scrolls of teleportation
 L - a scroll of silence
 N - 6 scrolls of butterflies
 U - 4 scrolls of poison
 W - 8 scrolls of fear
Potions
 d - 14 potions of might
 f - 8 potions of haste
 h - 20 potions of curing
 i - 8 potions of lignification
 j - 5 potions of ambrosia
 m - 14 potions of heal wounds
 p - 3 potions of invisibility
 q - 6 potions of enlightenment
 v - 7 potions of brilliance
 w - 7 potions of mutation
 x - 5 potions of resistance
 z - 4 potions of magic
 P - 2 potions of berserk rage
 S - 10 potions of attraction
 X - 9 potions of cancellation
Miscellaneous
 o - a phantom mirror
 I - a condenser vane
 T - a phial of floods


   Skills:
 O Level 27 Fighting
 O Level 27 Axes
 - Level 20.0 Throwing
 O Level 27 Armour
 + Level 19.6 Dodging
 - Level 21.0 Shields
 + Level 13.4 Evocations


You had 26 spell levels left.
You didn't know any spells.
Your spell library contained the following spells:

 Spells                   Type           Power      Damage    Failure   Level
 Apportation              Tloc           0%         N/A       88%         1
 Beastly Appendage        Tmut           0%         N/A       88%         1
 Kiss of Death            Conj/Necr      0%         2d5       88%         1
 Necrotise                Necr           0%         1d4       88%         1
 Shock                    Conj/Air       0%         1d3       88%         1
 Summon Small Mammal      Summ           0%         N/A       88%         1
 Blink                    Tloc           0%         N/A       96%         2
 Ensorcelled Hibernation  Hex/Ice        0%         N/A       96%         2
 Lesser Beckoning         Tloc           0%         N/A       96%         2
 Momentum Strike          Conj/Tloc      0%         3d8       96%         2
 Poisonous Vapours        Pois/Air       0%         N/A       96%         2
 Sublimation of Blood     Necr           0%         N/A       96%         2
 Wereblood                Tmut           0%         N/A       96%         2
 Call Canine Familiar     Summ           0%         N/A       99%         3
 Dazzling Flash           Conj/Hex       0%         N/A       99%         3
 Gell's Gravitas          Tloc           0%         N/A       99%         3
 Hailstorm                Conj/Ice       0%         3d3       99%         3
 Ignite Poison            Fire/Tmut/Pois 0%         N/A       99%         3
 Inner Flame              Hex/Fire       0%         N/A       99%         3
 Mephitic Cloud           Conj/Pois/Air  0%         N/A       99%         3
 Ozocubu's Armour         Ice            0%         N/A       99%         3
 Portal Projectile        Hex/Tloc       0%         N/A       99%         3
 Spider Form              Tmut/Pois      0%         N/A       99%         3
 Stone Arrow              Conj/Erth      0%         3d7       99%         3
 Summon Guardian Golem    Hex/Summ       0%         N/A       99%         3
 Swiftness                Air            0%         N/A       99%         3
 Teleport Other           Tloc           0%         N/A       99%         3
 Vhi's Electric Charge    Tloc/Air       0%         N/A       99%         3
 Airstrike                Air            0%         2d(0-16)  100%        4
 Anguish                  Hex/Necr       0%         N/A       100%        4
 Animate Armour           Summ/Erth      0%         N/A       100%        4
 Animate Dead             Necr           0%         N/A       100%        4
 Dispel Undead            Necr           0%         3d6       100%        4
 Flame Wave               Conj/Fire      0%         2d4       100%        4
 Ice Form                 Ice/Tmut       0%         N/A       100%        4
 Leda's Liquefaction      Hex/Erth       0%         N/A       100%        4
 Petrify                  Tmut/Erth      0%         N/A       100%        4
 Sticky Flame             Conj/Fire      0%         2d3       100%        4
 Summon Lightning Spire   Summ/Air       0%         N/A       100%        4
 Agony                    Necr           0%         N/A       100%        5
 Alistair's Intoxication  Tmut/Pois      0%         N/A       100%        5
 Blade Hands              Tmut           0%         N/A       100%        5
 Borgnjor's Vile Clutch   Necr/Erth      0%         N/A       100%        5
 Fireball                 Conj/Fire      0%         3d3       100%        5
 Freezing Cloud           Conj/Ice/Air   0%         6-21      100%        5
 Irradiate                Conj/Tmut      0%         3d11      100%        5
 Iskenderun's Battlesphe  Conj           0%         2d6       100%        5
 Lee's Rapid Deconstruct  Erth           0%         3d4*      100%        5
 Metabolic Englaciation   Hex/Ice        0%         N/A       100%        5
 Silence                  Hex/Air        0%         N/A       100%        5
 Summon Forest            Summ/Tloc      0%         N/A       100%        5
 Summon Mana Viper        Hex/Summ       0%         N/A       100%        5
 Yara's Violent Unravell  Hex/Tmut       0%         3d3       100%        5
 Conjure Ball Lightning   Conj/Air       0%         3x3d6     100%        6
 Leda's Unmaking          Conj/Erth      0%         9d1       100%        6
 Simulacrum               Ice/Necr       0%         N/A       100%        6
 Starburst                Conj/Fire      0%         6d3       100%        6
 Statue Form              Tmut/Erth      0%         N/A       100%        6
 Summon Cactus Giant      Summ           0%         N/A       100%        6
 Dragon Form              Tmut           0%         N/A       100%        7
 Enfeeble                 Hex            0%         N/A       100%        7
 Malign Gateway           Summ/Tloc      0%         N/A       100%        7
 Orb of Destruction       Conj           0%         9d5       100%        7
 Storm Form               Tmut/Air       0%         N/A       100%        7
 Borgnjor's Revivificati  Necr           0%         N/A       100%        8
 Discord                  Hex            0%         N/A       100%        8
 Disjunction              Tloc           0%         N/A       100%        8
 Ignition                 Fire           0%         3d3       100%        8
 Infestation              Necr           0%         N/A       100%        8
 Lehudib's Crystal Spear  Conj/Erth      0%         10d2      100%        8
 Maxwell's Capacitive Co  Air            0%         ∞         100%        8
 Necromutation            Tmut/Necr      0%         N/A       100%        8
 Death's Door             Necr           0%         N/A       100%        9


Dungeon Overview and Level Annotations

Branches:
Dungeon (15/15)            Temple (0/1) D:7            Lair (5/5) D:8
 Shoals (4/4) Lair:3       Spider (4/4) Lair:2        Slime (5/5) Lair:4
    Orc (2/2) D:12            Elf (2/3) Orc:2        Vaults (5/5) D:14
  Crypt (3/3) Vaults:3       Tomb (0/3) Crypt:3      Depths (4/4) D:15
    Zot (5/5) Depths:4    Gauntlet (visited)

Altars:
Cheibriados
Fedhas
Gozag
Hepliaklqana
Okawaru
Qazlal
Trog
Uskayaw
Vehumet
Xom
Yredelemnul
Zin
Jiyva

Shops:
D:3 *   D:4 :   D:6 :   D:8 *   D:10 ?   D:11 *?(?   Orc:1 (   Orc:2 *!=[=
Elf:1 *   Elf:2 !   Shoals:3 *   Vaults:1 =   Vaults:2 ?   Vaults:5 :

Portals:
Hell: Depths:1 Depths:2 Depths:3 Depths:4
Abyss: Depths:1 Depths:2 Depths:3
Pandemonium: Depths:2
Ziggurat: Depths:2

Annotations:
Zot:1 2 transporters, Vyqe's ghost, master MfIE


Innate Abilities, Weirdness & Mutations

You have a pair of large horns on your head.
You reflexively headbutt those who attack you in melee.
You are agile. (Dex +4, Str/Int -1)
You possess an exceptional clarity of mind.


Message History

The sun demon attacks as you move away! You block the sun demon's attack.
The sun demon attacks as you move away! You block the sun demon's attack. x2
The balrug attacks as you move away! You block the balrug's attack.
The sun demon attacks as you move away! You block the sun demon's attack.
The balrug gestures at you.
The fireball explodes!
The fireball engulfs you. You resist. The balrug gestures at you.
The fireball explodes!
The fireball engulfs the sun demon.
The sun demon completely resists.
The fireball engulfs the balrug.
The balrug completely resists.
The fireball engulfs the sun demon.
The sun demon completely resists.
The fireball engulfs you! You resist.
The fireball engulfs the sun demon.
The sun demon completely resists.
The sun demon closely misses you. You furiously retaliate!
You headbutt the sun demon!!
There is a stone staircase leading up here.
Unknown command.
You block the sun demon's attack.
You climb upwards.
There is a stone staircase leading down here.
Unknown command.
You barely miss the sun demon. You headbutt the sun demon!
You kill the sun demon!
Trog accepts your kill.
You hit the sun demon. You block the sun demon's attack.
You hit the sun demon but do no damage. Your headbutt misses the sun demon.
The sun demon is heavily wounded.
You chop the sun demon into pieces!!!
You kill the sun demon!
Trog accepts your kill.
(D) Dungeon (T) Temple (L) Lair (A) Shoals (N) Spider Nest (M) Slime Pits (O) Orcish Mines (E) Elven Halls (V) Vaults (C) Crypt (W) Tomb (U) Depths (H) Hell (Z) Zot
Where to? (Enter - D:1, ? - help)
Okay, then.
HP restored.
There is an open door here.
There is an open door here.
There is a staircase leading out of the dungeon here.
You have escaped!

#.###.#...#..##.#.##..#..#.......
#.....#..###.#8.#.8#.###.#.......
......#..###.##.#.##.###.#.....##
..........#..#8.#.8#..#..#......#
.............##.#.##.....##.....#
........######8...8########.###.#
######..#8#8#8#...#8#8#8# #.# #.#
####............4..###.# #.#
###.+.###...@...###.'.#.###.#
#...#...............#....##.#
#...#8#8#8#...#8#8#8#....##..
#...######8...8######....#### ##
#........##.#.##.....##'#####
.####.....#..#8.#.8#..#..##......
...##....###.##.#.##.###.##..##.#
##.......###.#8.#.8#.###.##..##..
####......#..##.#.##..#..##..####


You could see a red devil.

Vanquished Creatures
  the Royal Jelly (Slime:5)
  A dread lich (Zot:5)
  Mara (Spider:4)
  7 ancient liches
  6 orbs of fire
  Mennas (Vaults:5)
  2 juggernauts
  A pandemonium lord (D:13)
  Sojobo (Vaults:3)
  11 Killer Klowns
  Vv (Depths:4)
  Frederick (Depths:4)
  5 curse toes
  Margery (Crypt:1)
  12 golden dragons
  Arachne (Spider:4)
  2 profane servitors
  Jory (Vaults:3)
  A bone dragon (Crypt:3)
  2 electric golems
  Zenata (Crypt:3)
  18 tentacled monstrosities
  7 liches
  A hellephant (Abyss:2)
  2 walking crystal tomes (Depths:4)
  A Hell Sentinel (Abyss:3)
  Rupert (D:15)
  27 Orb Guardians
  5 quicksilver dragons
  A shard shrike skeleton (Crypt:1)
  A deep elf blademaster (Elf:2)
  3 krakens
  Asterion (Spider:4)
  8 titans
  2 walking frostbound tomes
  6 ancient champions
  17 acid blobs
  Gastronok (D:11)
  An Executioner (Abyss:3)
  2 tentacled starspawn
  10 death cobs
  5 sphinxes
  Kirke (D:15)
  14 shadow dragons
  6 draconian monks
  15 storm dragons
  A shadow dragon (shapeshifter) (Vaults:5)
  9 tengu reavers
  4 revenants
  3 azure jellies
  An azure jelly (shapeshifter) (Vaults:5)
  3 rockslimes
  16 fire giants
  3 draconian knights
  3 draconian scorchers
  7 frost giants
  An emperor scorpion (Spider:2)
  3 iron dragons
  14 vault wardens
  Aizul (Vaults:2)
  A juggernaut zombie (Crypt:2)
  A balrug (Depths:2)
  The ghost of comborobin the Crack Shot, an adept DEDe of Cheibriados (Elf:1)
  12 ghost moths
  17 ironbound preservers
  5 draconian shifters
  6 ghouls
  6 curse skulls
  3 draconian annihilators
  6 draconian stormcallers
  7 orc warlords
  5 angels
  7 quicksilver oozes (Slime:5)
  18 stone giants
  7 war gargoyles
  14 very ugly things
  The ghost of Duttonia the Stormcaller, a journeyman MeWn of Gozag (Shoals:3)
  19 vampire knights
  3 green draconians
  4 broodmothers
  2 formless jellyfish
  14 ironbound thunderhulks
  8 black draconians
  2 deep elf annihilators
  A deep elf demonologist (Elf:2)
  4 dire elephants
  2 demonspawn black suns (Zot:4)
  6 purple draconians
  15 spark wasps
  The ghost of Nudyvat the Cleaver, a journeyman DsGl of Makhleb (Orc:1)
  9 starcursed masses
  3 white draconians
  5 yellow draconians
  8 red draconians
  4 deep elf death magi
  7 ettins
  6 merfolk impalers
  A crystal guardian (Vaults:3)
  7 eidola
  3 merfolk javelineers (Shoals:4)
  16 jiangshi
  8 fire dragons
  9 entropy weavers
  13 yaktaur captains
  A deep elf high priest (Vaults:5)
  11 great orbs of eyes
  Fannar (Lair:2)
  7 hydras
  2 merfolk avatars
  6 peacekeepers
  11 ice dragons
  2 ogre magi
  6 rakshasas
  25 vault guards
  A caustic shrike simulacrum (Crypt:2)
  3 spriggan air magi
  Harold (Lair:1)
  18 centaur warriors
  6 ironbound frosthearts
  A juggernaut simulacrum (Crypt:3)
  6 jorogumos
  A catoblepas (Gauntlet)
  4 radroaches
  4 boulder beetles
  The ghost of Starbright the Destroyer, a journeyman OpCj of Vehumet (Lair:2)
  An Orb Guardian zombie (Crypt:1)
  A satyr (Shoals:4)
  4 death knights
  7 merfolk aquamancers
  15 two-headed ogres
  9 deep troll earth magi
  7 deep troll shamans
  4 tengu warriors
  20 dancing weapons
  A naga warrior (Abyss:2)
  4 death yaks (Lair:5)
  9 demonic crawlers
  4 spriggan berserkers
  A thrashing horror (Abyss:1)
  6 vampire magi
  An orc high priest (Orc:2)
  2 sun demons (D:1)
  9 hell knights
  4 iron trolls
  4 wretched stars
  3 soul eaters
  18 deep elf knights
  52 skeletal warriors
  3 pharaoh ants
  A sixfirhy (D:10)
  A sun moth (Spider:2)
  5 anaconda zombies
  9 flayed ghosts
  6 skysharks
  6 shadow wraiths
  73 deep trolls
  6 orb spiders
  9 sea snakes
  4 glowing orange brains
  2 bog bodies (Crypt:2)
  An orange crystal statue (Crypt:1)
  A steelbarb worm (shapeshifter) (Depths:4)
  A spriggan simulacrum (Crypt:3)
  14 wizards
  9 lindwurms
  26 orc knights
  Pikel (D:7)
  19 phantasmal warriors
  A wolf spider zombie (D:15)
  11 necromancers
  4 steelbarb worms
  16 ironbound convokers
  12 deep elf archers
  13 deep elf zephyrmancers
  13 harpies
  16 deep elf pyromancers
  A frost giant zombie (Depths:1)
  A spectral wolf spider (Gauntlet)
  7 orc sorcerers
  5 shining eyes
  11 large abominations
  16 wolf spiders
  5 draconians (Abyss:3)
  43 ugly things
  8 fauns
  11 cyclopes
  3 centaur zombies
  A cyclops (shapeshifter) (Depths:1)
  8 merfolk sirens
  21 moths of wrath
  2 worldbinders
  3 salamanders
  16 elephants
  13 manticores
  A frost giant skeleton (Depths:1)
  A guardian serpent (shapeshifter) (Zot:3)
  A fire giant skeleton (Depths:1)
  Maurice (D:10)
  19 vault sentinels
  A spectral centaur (Gauntlet)
  4 black mambas
  8 apocalypse crabs
  A guardian serpent (Abyss:2)
  3 naga magi
  2 orange demons (Abyss:1)
  7 smoke demons
  14 torpor snails
  A cane toad (shapeshifter) (Depths:4)
  A spectral redback (Gauntlet)
  4 gargoyles
  A shock serpent skeleton (Crypt:2)
  5 water nymphs
  3 eyes of devastation
  16 cane toads
  4 centaur skeletons
  A dire elephant skeleton (Crypt:3)
  An efreet (Abyss:1)
  An unseen horror (D:12)
  26 yaktaurs
  A death yak zombie (Crypt:2)
  7 freezing wraiths
  2 tengu conjurers
  A tormentor (Abyss:3)
  A death yak skeleton (Crypt:2)
  A spriggan skeleton (Depths:1)
  9 komodo dragons
  4 ancient zymes
  A purple draconian skeleton (Crypt:2)
  A red devil (Depths:3)
  A hydra zombie (Crypt:1)
  8 wind drakes
  2 hellwings
  11 polar bears
  16 trolls
  29 tarantellas
  3 tyrant leeches (Lair:5)
  9 raiju
  A harpy zombie (Crypt:1)
  8 hornets
  16 blink frogs
  30 merfolk
  A spriggan zombie (Depths:1)
  8 saltlings (Orc:2)
  A tarantella (shapeshifter) (D:14)
  5 meliai
  7 snapping turtles
  A merfolk zombie (Crypt:2)
  A dream sheep (shapeshifter) (Depths:3)
  9 dream sheep
  2 black mamba zombies
  18 jumping spiders
  102 slime creatures
  A vampire (D:14)
  2 spriggans (shapeshifter) (Abyss:1)
  2 ynoxinuls
  Sigmund (D:2)
  53 flying skulls
  An air elemental (Elf:1)
  4 wyverns
  15 culicivoras
  20 water elementals
  7 wraiths
  5 shadows
  6 hogs
  44 yaks
  A human (D:13)
  A tyrant leech zombie (Crypt:1)
  A fire elemental (Elf:2)
  7 golden eyes (Abyss:2)
  2 basilisks (Lair:5)
  6 chaos spawn
  3 neqoxecs
  47 redbacks
  Menkaure (D:5)
  6 vampire mosquitoes
  A steam dragon (D:9)
  Edmund (D:4)
  2 nagas (Abyss:2)
  8 wargs
  A naga zombie (Abyss:2)
  4 acid dragons
  18 water moccasins
  19 hell hounds
  A glowing shapeshifter skeleton (Depths:1)
  A floating eye (Depths:3)
  2 sky beasts
  26 orc warriors
  14 black bears
  A swamp drake (D:12)
  2 ice beasts
  A black bear (shapeshifter) (D:14)
  18 small abominations
  An ettin simulacrum (Crypt:2)
  10 ogres
  22 wolves
  2 phantoms (D:5)
  16 centaurs
  4 lemures (D:7)
  4 kobold brigands
  A fire crab zombie (Crypt:1)
  15 bullfrogs
  A komodo dragon zombie (Crypt:1)
  6 necrophages
  4 earth elementals
  4 scorpions
  18 wights
  35 killer bees
  6 howler monkeys
  4 electric eels (Lair:4)
  5 lava snakes (Lair:4)
  A quasit (Abyss:1)
  A black bear zombie (Crypt:2)
  3 hounds
  3 jellies
  21 orc priests
  A gnoll bouda (D:9)
  2 iron imps (Abyss:1)
  2 sleepcaps (D:6)
  Jessica (D:2)
  An iguana (D:6)
  Natasha (thrice) (D:4)
  31 orc wizards
  A boggart simulacrum (D:14)
  A howler monkey zombie (Crypt:1)
  Robin (D:4)
  9 gnolls
  17 adders
  A howler monkey skeleton (Crypt:1)
  A shadow imp (D:6)
  3 white imps
  5 ufetubi
  2 worms
  2 dart slugs
  88 orcs
  11 endoplasms
  8 giant cockroaches
  17 goblins
  7 hobgoblins
  32 kobolds
  4 quokkas
  7 ball pythons
  3 bats
  2 frilled lizards (D:2)
  5 rats
  A rat skeleton (Crypt:1)
  3 butterflies
  A lurking horror (Abyss:3)
  4 starspawn tentacles
  9 tentacles
2617 creatures vanquished.

Vanquished Creatures (collateral kills)
  An electric golem (Zot:5)
  A tengu reaver (Vaults:3)
  An azure jelly (Slime:5)
  A storm dragon (Zot:5)
  A yellow draconian (Zot:1)
  A minotaur (Gauntlet)
  A deep elf high priest (Vaults:3)
  2 jorogumos (Spider:4)
  2 dancing weapons (Elf:2)
  An orc high priest (Orc:1)
  2 deep elf knights (Elf:2)
  A skeletal warrior (Crypt:3)
  A deep elf archer (Elf:2)
  An ironbound convoker (Vaults:1)
  4 deep elf zephyrmancers (Elf:2)
  4 orc knights
  A deep elf pyromancer (Elf:2)
  2 wolf spiders (Spider:4)
  A cane toad (Lair:3)
  2 torpor snails (Spider:4)
  A hornet (shapeshifter) (Elf:2)
  3 tarantellas (Spider:4)
  A culicivora (Spider:4)
  A jumping spider (Spider:4)
  3 slime creatures (Vaults:1)
  A basilisk (Lair:3)
  2 redbacks (Spider:4)
  A warg (Orc:1)
  3 orc warriors (Orc:1)
  A wolf (Lair:3)
  An earth elemental (Elf:2)
  An orc priest (Orc:1)
  5 orcs
55 creatures vanquished.

Vanquished Creatures (others)
  A tengu reaver (Vaults:3)
  A fire giant (Depths:3)
  2 vault guards (Vaults:5)
  A deep elf knight (Elf:2)
  A wretched star (Abyss:3)
  A wizard (D:15)
  A manticore (Shoals:4)
  An ogre (Vaults:5)
  A small abomination (Abyss:3)
  A lava snake (Lair:4)
  An orc wizard (D:9)
  2 starspawn tentacles (Abyss:3)
  14 tentacles
28 creatures vanquished.

Grand Total: 2700 creatures vanquished

Notes
Turn   | Place    | Note
-------+----------+-------------------------------------------
     0 | D:1      | epsilonplus the Minotaur Fighter began the quest for the
                  | Orb.
     0 | D:1      | Reached XP level 1. HP: 19/19 MP: 0/0
    91 | D:1      | Reached XP level 2. HP: 26/26 MP: 1/1
   408 | D:1      | Reached XP level 3. HP: 29/31 MP: 2/2
   795 | D:2      | Reached skill level 5 in Axes
   839 | D:2      | Reached XP level 4. HP: 38/39 MP: 3/3
   848 | D:2      | Found a radiant altar of Vehumet.
  1089 | D:2      | Noticed Jessica
  1093 | D:2      | Killed Jessica
  1375 | D:2      | Noticed Sigmund
  1447 | D:3      | Found an opulent altar of Gozag.
  1451 | D:3      | Found Gozag's Platinum Reserve.
  1577 | D:3      | Reached XP level 5. HP: 45/45 MP: 4/4
  1817 | D:3      | Found a faded altar of an unknown god.
  2313 | D:2      | Killed Sigmund
  2314 | D:2      | Reached XP level 6. HP: 10/51 MP: 5/5
  2530 | D:4      | Noticed Edmund
  2542 | D:4      | Killed Edmund
  2611 | D:4      | Noticed Natasha
  2618 | D:4      | Killed Natasha
  2619 | D:4      | Reached XP level 7. HP: 48/57 MP: 6/6
  2695 | D:4      | Noticed Natasha
  2702 | D:4      | Killed Natasha
  2760 | D:4      | Noticed Robin
  2767 | D:4      | Killed Robin
  2909 | D:4      | Found Tuckus's Tiny Tomes.
  2956 | D:4      | Noticed Natasha
  2963 | D:4      | Killed Natasha
  3136 | D:5      | Entered Level 5 of the Dungeon
  3144 | D:5      | Reached skill level 10 in Axes
  3563 | D:5      | Reached XP level 8. HP: 61/64 MP: 7/7
  3607 | D:5      | Noticed Menkaure
  3615 | D:5      | Found a shimmering altar of Xom.
  3876 | D:5      | Killed Menkaure
  4304 | D:6      | Found Loekk's Book Emporium.
  4391 | D:6      | Reached skill level 5 in Shields
  4433 | D:6      | Reached skill level 5 in Fighting
  4831 | D:6      | Found a bloodstained altar of Trog.
  5127 | D:6      | Reached XP level 9. HP: 60/74 MP: 8/8
  5329 | D:6      | Found an iron altar of Okawaru.
  5404 | D:6      | Became a worshipper of Trog the Wrathful
  5580 | D:7      | Reached skill level 5 in Armour
  5781 | D:7      | Identified a scroll of acquirement
  5781 | D:7      | Acquired a manual of Shields
  5792 | D:7      | Noticed Pikel
  5829 | D:7      | Killed Pikel
  6069 | D:7      | Found a hide-covered altar of Uskayaw.
  6071 | D:7      | Found a snail-covered altar of Cheibriados.
  6098 | D:7      | Found a blossoming altar of Fedhas.
  6124 | D:7      | Found a staircase to the Ecumenical Temple.
  6201 | D:7      | Reached * piety under Trog
  6574 | D:8      | Noticed a two-headed ogre
  6583 | D:8      | Killed a two-headed ogre
  6584 | D:8      | Reached XP level 10. HP: 70/88 MP: 9/9
  6804 | D:8      | Found a staircase to the Lair.
  6913 | D:8      | Found Meerev's General Store.
  7341 | D:9      | Reached skill level 10 in Shields
  7540 | D:9      | Reached ** piety under Trog
  7566 | D:9      | Found the +7 Throatcutter {drain, coup de grace}
  8002 | D:9      | Found a hazy altar of Hepliaklqana.
  8017 | D:9      | Reached XP level 11. HP: 81/97 MP: 10/10
  8311 | D:9      | Reached *** piety under Trog
  8659 | D:10     | Entered Level 10 of the Dungeon
  8727 | D:10     | Reached skill level 10 in Fighting
  8804 | D:10     | Noticed a two-headed ogre
  8811 | D:10     | Killed a two-headed ogre
  8905 | D:10     | Noticed Maurice
  8912 | D:10     | Paralysed by Maurice for 4 turns
  8919 | D:10     | Paralysed by Maurice for 2 turns
  8929 | D:10     | Paralysed by something for 3 turns
  8946 | D:10     | Killed Maurice
  8982 | D:10     | Noticed a two-headed ogre
  8991 | D:10     | Killed a two-headed ogre
  8992 | D:10     | Reached skill level 15 in Axes
  9024 | D:10     | Found Haemufen's Magic Scroll Shoppe.
  9037 | D:10     | Bought a scroll of enchant weapon for 90 gold pieces
  9038 | D:10     | Bought a scroll of identify for 24 gold pieces
  9038 | D:10     | Bought a scroll of identify for 24 gold pieces
  9038 | D:10     | Bought a scroll of identify for 24 gold pieces
  9302 | D:10     | Noticed a two-headed ogre
  9310 | D:10     | Killed a two-headed ogre
  9311 | D:10     | Reached skill level 10 in Armour
  9527 | D:11     | Found Ymec's Assorted Antiques.
  9559 | D:11     | Bought a scroll of teleportation for 93 gold pieces
  9573 | D:11     | Noticed a skeletal warrior
  9574 | D:11     | Noticed a skeletal warrior
  9576 | D:11     | Noticed a skeletal warrior
  9577 | D:11     | Noticed a skeletal warrior
  9584 | D:11     | Killed a skeletal warrior
  9598 | D:11     | Killed a skeletal warrior
  9695 | D:11     | Killed a skeletal warrior
  9719 | D:11     | Killed a skeletal warrior
  9720 | D:11     | Reached XP level 12. HP: 28/110 MP: 11/11
  9805 | D:11     | Found Dimim's Magic Scroll Shop.
  9808 | D:11     | Bought a scroll of identify for 28 gold pieces
  9808 | D:11     | Bought a scroll of identify for 28 gold pieces
  9808 | D:11     | Bought a scroll of identify for 28 gold pieces
  9890 | D:11     | Found Gexam's Weapon Shoppe.
 10007 | D:11     | Noticed Gastronok
 10036 | D:11     | Killed Gastronok
 10045 | D:11     | Acquired 1050 gold pieces
 10220 | D:11     | Found Publon's Magic Scroll Shoppe.
 10224 | D:11     | Bought a scroll of butterflies for 68 gold pieces
 10498 | D:12     | Noticed a four-headed hydra
 10504 | D:12     | Killed a one-headed hydra
 10517 | D:12     | Noticed an eight-headed hydra
 10529 | D:12     | Killed a three-headed hydra
 10530 | D:12     | Reached skill level 15 in Shields
 10690 | D:12     | Noticed a two-headed ogre
 10694 | D:12     | Killed a two-headed ogre
 10695 | D:12     | Noticed a two-headed ogre
 10702 | D:12     | Reached **** piety under Trog
 10703 | D:12     | Killed a two-headed ogre
 10804 | D:12     | Noticed an ogre mage
 10812 | D:12     | Paralysed by something for 3 turns
 10818 | D:12     | Killed an ogre mage
 10850 | D:12     | Noticed a centaur warrior
 10857 | D:12     | Killed a centaur warrior
 10860 | D:12     | Reached skill level 1 in Dodging
 10920 | D:12     | Noticed a boulder beetle
 10938 | D:12     | Killed a boulder beetle
 10951 | D:12     | Noticed a two-headed ogre
 10956 | D:12     | Killed a two-headed ogre
 11071 | D:12     | Found a blossoming altar of Fedhas.
 11244 | D:12     | Noticed a two-headed ogre
 11252 | D:12     | Killed a two-headed ogre
 11253 | D:12     | Reached XP level 13. HP: 106/119 MP: 12/12
 11707 | Lair:1   | Entered Level 1 of the Lair of Beasts
 11876 | Lair:1   | Noticed Harold
 11890 | Lair:1   | Killed Harold
 12111 | Lair:1   | Reached ***** piety under Trog
 12792 | Lair:2   | Found a hole to the Spider Nest.
 12908 | Lair:2   | Noticed Starbright's ghost (journeyman OpCj)
 12910 | Lair:2   | Found a runed translucent door.
 12952 | Lair:2   | Noticed Fannar
 12974 | Lair:2   | Killed Fannar
 13038 | Lair:2   | Reached skill level 5 in Dodging
 13089 | Lair:2   | Received a gift from Trog
 13524 | Lair:2   | Killed Starbright's ghost
 13807 | Lair:3   | Found a staircase to the Shoals.
 14572 | Lair:4   | Reached XP level 14. HP: 130/130 MP: 13/13
 14989 | Lair:4   | Acquired a +5 broad axe of flaming
 15077 | Lair:4   | Found a viscous altar of Jiyva.
 15078 | Lair:4   | Found a staircase to the Slime Pits.
 15636 | Lair:5   | Entered Level 5 of the Lair of Beasts
 15649 | Lair:5   | Reached skill level 1 in Throwing
 15731 | Lair:5   | Received a gift from Trog
 15877 | Lair:5   | Identified the +8 dagger "Pyl Pyawk" {heavy, Str+3}
 16357 | Lair:5   | Found a runed translucent door.
 16467 | Lair:5   | Received a gift from Trog
 16528 | Lair:5   | Identified the orb of Generosity {mayhem, rCorr Slay+3}
 16781 | Lair:5   | Reached XP level 15. HP: 121/139 MP: 14/14
 16807 | Lair:5   | Found the +9 scales of the Dragon King {rPois rF+ rC+
                  | Will+}
 16811 | Lair:5   | Reached skill level 15 in Fighting
 17006 | Lair:5   | Reached skill level 5 in Throwing
 17636 | D:13     | Found a gate leading to a gauntlet.
 17643 | Gauntlet | Entered a Gauntlet
 17643 | Gauntlet | Found a transporter.
 17643 | Gauntlet | Found a transporter.
 17643 | Gauntlet | Found a runed translucent door.
 17690 | Gauntlet | Found a runed translucent door.
 17700 | Gauntlet | Found a transporter.
 17704 | Gauntlet | Found a transporter.
 17715 | Gauntlet | Found a transporter.
 17716 | Gauntlet | Found a transporter.
 17724 | Gauntlet | Found a transporter.
 17740 | Gauntlet | Found a transporter.
 17754 | Gauntlet | Found a transporter.
 17758 | Gauntlet | Found a transporter.
 17766 | Gauntlet | Found a transporter.
 17770 | Gauntlet | Found a transporter.
 17843 | Gauntlet | Identified the ring "Diphoch" {+Blink rCorr SInv}
 17866 | Gauntlet | Identified the ring of Ciehuqad {Fly rElec rN+ Dex+7
                  | Slay-4}
 17872 | Gauntlet | Received a gift from Trog
 17882 | Gauntlet | Identified the +3 ring mail of the Equator {Fly rN+ Str-2
                  | Dex+3}
 18241 | D:13     | Reached skill level 1 in Evocations
 19062 | D:14     | Found a hazy altar of Hepliaklqana.
 19574 | D:14     | Found a gate to the Vaults.
 19760 | D:15     | Entered Level 15 of the Dungeon
 19773 | D:15     | Noticed Kirke
 19791 | D:15     | Killed Kirke
 20305 | D:15     | Noticed Rupert
 20316 | D:15     | Killed Rupert
 20472 | D:15     | Reached skill level 10 in Dodging
 20486 | D:15     | Found a staircase to the Depths.
 20837 | D:12     | Found a staircase to the Orcish Mines.
 20853 | D:12     | Reached ****** piety under Trog
 20853 | D:12     | Received a gift from Trog
 21268 | Orc:1    | Entered Level 1 of the Orcish Mines
 21291 | Orc:1    | Found Cugamitha's Antique Weapon Boutique.
 21494 | Orc:1    | Found a runed translucent gate.
 21494 | Orc:1    | Noticed Nudyvat's ghost (journeyman DsGl)
 21495 | Orc:1    | Found a runed translucent gate.
 21496 | Orc:1    | Found a runed translucent gate.
 21499 | Orc:1    | Identified the amulet of Linearity {Reflect rN+ MP+9 SH+5}
 21505 | Orc:1    | Identified the +0 chain mail "Sesipliv" {Fly rC+ Will+
                  | rCorr}
 21649 | Orc:1    | Reached XP level 16. HP: 151/151 MP: 15/15
 21655 | Orc:1    | Killed Nudyvat's ghost
 21783 | Orc:2    | Entered Level 2 of the Orcish Mines
 21783 | Orc:2    | Found Gokh's General Store.
 22166 | Orc:2    | Found a staircase to the Elven Halls.
 22218 | Orc:2    | Received a gift from Trog
 22787 | Orc:2    | Found Xomom's Distillery.
 22856 | Orc:2    | Found Zisyuwn's Armour Shop.
 22865 | Orc:2    | Reached skill level 5 in Evocations
 22885 | Orc:2    | Found Kyczogeg's Jewellery Shop.
 22890 | Orc:2    | Bought a +6 ring of strength for 468 gold pieces
 23049 | Orc:2    | Bought a +1 cloak of preservation for 247 gold pieces
 23121 | Orc:2    | Found Icwo's Jewellery Boutique.
 23477 | Shoals:1 | Entered Level 1 of the Shoals
 24135 | Shoals:1 | Found Awauquan's Magic Scroll Boutique.
 24316 | Shoals:1 | Received a gift from Trog
 25133 | Shoals:2 | Noticed a kraken
 25148 | Shoals:2 | Killed a kraken
 25335 | Shoals:3 | Noticed Duttonia's ghost (journeyman MeWn)
 25335 | Shoals:3 | Found a runed translucent door.
 25335 | Shoals:3 | Found a shimmering altar of Xom.
 25693 | Shoals:3 | Received a gift from Trog
 25866 | Shoals:3 | Noticed a kraken
 25902 | Shoals:3 | Killed a kraken
 26034 | Shoals:3 | Reached XP level 17. HP: 161/161 MP: 16/16
 26140 | Shoals:3 | Killed Duttonia's ghost
 26322 | Shoals:3 | Found Watezxu's Assorted Antiques.
 26330 | Shoals:3 | Bought a scroll of identify for 66 gold pieces
 26330 | Shoals:3 | Bought a scroll of identify for 66 gold pieces
 26330 | Shoals:3 | Bought a scroll of enchant armour for 247 gold pieces
 26523 | Shoals:3 | Identified the +0 animal skin "Myuceph" {rElec rC- Regen+}
 26530 | Shoals:4 | Entered Level 4 of the Shoals
 26604 | Shoals:4 | Identified the ring "Qoofuej" {*Corrode rPois Will+ Str+8
                  | Int+2}
 26930 | Shoals:4 | Identified the amulet of Dyaghosm {Acrobat Regen+ rCorr
                  | Int+2}
 26968 | Shoals:4 | Received a gift from Trog
 26981 | Shoals:4 | Found the +3 crown of Dyrovepreva {rElec Int+2 SInv}
 27227 | Shoals:4 | Noticed a kraken
 27271 | Shoals:4 | Killed a kraken
 27278 | Shoals:4 | Got a barnacled rune of Zot
 28342 | Depths:1 | Entered Level 1 of the Depths
 28608 | Depths:1 | Found a bloodstained altar of Trog.
 28661 | Depths:1 | Noticed an ancient lich
 28878 | Elf:1    | Entered Level 1 of the Elven Halls
 29214 | Elf:1    | Received a gift from Trog
 29520 | Elf:1    | Found a shimmering altar of Xom.
 29520 | Elf:1    | Noticed comborobin's ghost (adept DEDe)
 29521 | Elf:1    | Found a runed translucent door.
 29707 | Elf:1    | Got the Compendium of Shades
 29943 | Elf:1    | Found Aremi's Gadget Gallery.
 30633 | Elf:1    | Killed comborobin's ghost
 30906 | Elf:2    | Reached XP level 18. HP: 161/173 MP: 17/17
 31252 | Elf:2    | Received a gift from Trog
 31265 | Elf:2    | Noticed a Tzitzimitl
 31266 | Elf:2    | Gained mutation: Your body sometimes deteriorates upon
                  | taking damage. [a neqoxec]
 31291 | Elf:2    | Noticed a Tzitzimitl
 31564 | Elf:2    | Noticed a Brimstone Fiend
 32076 | Spider:1 | Entered Level 1 of the Spider Nest
 32571 | Spider:2 | Identified the +2 ring mail of the Pink Corner {rC+ Will+
                  | Slay-4}
 32700 | Spider:2 | Identified the +10 war axe "Wotisargh" {flame, Dex+3} (Trog
                  | gifted it to you on level 2 of the Spider Nest)
 32700 | Spider:2 | Received a gift from Trog
 33086 | Spider:2 | Reached skill level 15 in Armour
 34339 | Spider:4 | Entered Level 4 of the Spider Nest
 34339 | Spider:4 | Noticed Mara
 34339 | Spider:4 | Noticed Asterion
 34341 | Spider:4 | Received a gift from Trog
 34343 | Spider:4 | Noticed epsilonplus's illusion
 34373 | Spider:4 | Paralysed by a jorogumo for 3 turns
 34857 | Spider:4 | Killed Asterion
 34877 | Spider:4 | Noticed epsilonplus's illusion
 34880 | Spider:4 | Killed Mara
 34881 | Spider:4 | Reached XP level 19. HP: 184/184 MP: 18/18
 34981 | Spider:4 | Reached skill level 10 in Throwing
 34996 | Spider:4 | Paralysed by a jorogumo for 1 turns
 35467 | Spider:4 | Noticed Arachne
 35479 | Spider:4 | Killed Arachne
 35682 | Spider:4 | Got a gossamer rune of Zot
 36603 | Elf:2    | Found a runed translucent gate.
 36604 | Elf:2    | Found a runed translucent gate.
 36604 | Elf:2    | Found a runed translucent gate.
 36717 | Elf:2    | Found Byamuan's Distillery.
 36723 | Elf:2    | Bought a potion of heal wounds for 80 gold pieces
 36723 | Elf:2    | Bought a potion of haste for 160 gold pieces
 36723 | Elf:2    | Bought a potion of resistance for 160 gold pieces
 37644 | Depths:1 | Killed an ancient lich
 37798 | Depths:1 | Got the Atlas of the Mortuary
 38049 | Depths:1 | Found a one-way gate to the infinite horrors of the Abyss.
 38119 | Depths:1 | Found a gateway to Hell.
 38685 | Depths:2 | Reached XP level 20. HP: 195/195 MP: 19/19
 38707 | Depths:2 | Noticed a juggernaut
 38717 | Depths:2 | Killed a juggernaut
 38802 | Depths:2 | Found a one-way gate leading to the halls of Pandemonium.
 38859 | Depths:2 | Found a stormy altar of Qazlal.
 39098 | Depths:2 | Found a one-way gateway to a ziggurat.
 39330 | Depths:2 | Found the +8 orange crystal plate armour {Archmagi, Int+3
                  | Clar}
 39444 | Depths:2 | Received a gift from Trog
 39782 | Depths:2 | Identified the +0 shortbow of Summertime {heavy, rElec
                  | Str+2}
 40394 | Depths:3 | Reached skill level 27 in Axes
 40452 | Depths:3 | You fall into a shaft and drop 1 floor!
 40452 | Depths:4 | Entered Level 4 of the Depths
 40465 | Depths:4 | Noticed a golden dragon
 40466 | Depths:4 | Noticed Vv
 40473 | Depths:4 | Killed a golden dragon
 40486 | Depths:4 | Killed Vv
 40686 | Depths:4 | Found a flickering gateway to a bazaar.
 40703 | Bazaar   | Entered a bazaar
 40863 | Bazaar   | Found Baimopi's Magic Scroll Emporium.
 40868 | Bazaar   | Bought a scroll of revelation for 67 gold pieces
 40868 | Bazaar   | Bought a scroll of blinking for 67 gold pieces
 40868 | Bazaar   | Bought a scroll of teleportation for 27 gold pieces
 40868 | Bazaar   | Bought a scroll of revelation for 67 gold pieces
 40879 | Bazaar   | Found Hies's Jewellery Shoppe.
 40895 | Bazaar   | Found Xyps's Weapon Emporium.
 40911 | Bazaar   | Found Sejimenk's Assorted Antiques.
 40911 | Bazaar   | Found Nyotsatz's Book Shoppe.
 40922 | Bazaar   | Bought a scroll of enchant weapon for 180 gold pieces
 41149 | Depths:4 | Found a gate to the Realm of Zot.
 41183 | Depths:4 | Received a gift from Trog
 41218 | Depths:4 | Reached XP level 21. HP: 157/210 MP: 20/20
 41426 | Depths:4 | Noticed Frederick
 41435 | Depths:4 | Killed Frederick
 42004 | Depths:4 | Noticed a golden dragon
 42011 | Depths:4 | Killed a golden dragon
 42367 | Depths:4 | Noticed a juggernaut
 42373 | Depths:4 | Killed a juggernaut
 42378 | Depths:4 | Noticed a golden dragon
 42392 | Depths:4 | Killed a golden dragon
 42502 | Depths:4 | Identified the +3 buckler "Kachesem" {rElec SInv}
 42546 | Depths:4 | Found the +4 robe of Folly {Brill Will-∞ Int+8}
 42555 | Depths:4 | Identified the +1 ring mail of Bad Feelings {rCorr Int+2
                  | Stlth+}
 43003 | Depths:3 | Paralysed by a floating eye for 2 turns
 43218 | Depths:3 | Noticed a golden dragon
 43227 | Depths:3 | Killed a golden dragon
 43521 | Depths:3 | Identified the +3 ring mail "Wuitru" {Regen+ SInv}
 43524 | Depths:3 | Identified the +8 great sword of the Distant Future {drain,
                  | rElec Str+3 Dex+2}
 43922 | Depths:3 | Noticed a golden dragon
 43930 | Depths:3 | Killed a golden dragon
 44295 | Vaults:1 | Entered Level 1 of the Vaults
 44582 | Vaults:1 | Found Taaff's Jewellery Boutique.
 44896 | Vaults:1 | Received a gift from Trog
 45190 | Vaults:1 | Reached XP level 22. HP: 224/224 MP: 21/21
 45701 | Vaults:2 | Found Bataffeps's Magic Scroll Emporium.
 45704 | Vaults:2 | Bought a scroll of enchant weapon for 120 gold pieces
 45705 | Vaults:2 | Bought a scroll of blinking for 120 gold pieces
 45705 | Vaults:2 | Bought a scroll of fog for 64 gold pieces
 45913 | Vaults:2 | Received a gift from Trog
 46137 | Vaults:2 | Noticed Aizul
 46153 | Vaults:2 | Killed Aizul
 47311 | Vaults:3 | Noticed Jory
 47331 | Vaults:3 | Killed Jory
 47466 | Vaults:3 | Noticed Sojobo
 47490 | Vaults:3 | Identified the +6 broad axe of Giyt Isoty {flame, +Blink}
                  | (Trog gifted it to you on level 3 of the Vaults)
 47490 | Vaults:3 | Received a gift from Trog
 47493 | Vaults:3 | Killed Sojobo
 48012 | Vaults:3 | Found a staircase to the Crypt.
 48392 | Vaults:4 | Reached XP level 23. HP: 190/237 MP: 22/22
 48669 | Vaults:4 | Found a portal to a secret trove of treasure.
 48678 | Trove    | Entered a treasure trove
 48683 | Trove    | Identified the ring of Saolluf {*Corrode rC+ EV+5 Int+3}
 48684 | Trove    | Identified the ring "Lupn" {Fly rN+ MP+9 Int+3}
 48685 | Trove    | Identified the amulet of the Worm {RegenMP Will+ SInv}
 48686 | Trove    | Identified the ring "Hum Ceag" {*Corrode rF+ rN+++ Dex-4
                  | SInv}
 48687 | Trove    | Identified the amulet of Coabesm {Faith Fly SInv Stlth+}
 48694 | Trove    | Identified the ring "Xalonag" {Int+4 Dex+3 Slay+4}
 48700 | Trove    | Identified the amulet "Rolloel" {RegenMP rC+ Dex+5}
 49083 | Vaults:4 | Reached skill level 27 in Fighting
 49977 | Slime:1  | Entered Level 1 of the Pits of Slime
 50303 | Slime:2  | Gained mutation: Armour fits poorly on your strangely
                  | shaped body. [a shining eye]
 50304 | Slime:2  | Gained mutation: Your spells are a little easier to cast,
                  | but a little less powerful. [a shining eye]
 50306 | Slime:2  | Gained mutation: You do not regenerate when monsters are
                  | visible. [a shining eye]
 50337 | Lair:4   | Lost mutation: Your spells are a little easier to cast, but
                  | a little less powerful. [potion of mutation]
 50337 | Lair:4   | Lost mutation: Armour fits poorly on your strangely shaped
                  | body. [potion of mutation]
 50337 | Lair:4   | Gained mutation: Your muscles are strong. (Str +4, Int/Dex
                  | -1) [potion of mutation]
 50337 | Lair:4   | Gained mutation: You expend magic power (3 MP) to
                  | strengthen your wands. [potion of mutation]
 50338 | Lair:4   | Lost mutation: Your muscles are strong. (Str +4, Int/Dex
                  | -1) [potion of mutation]
 50338 | Lair:4   | Lost mutation: Your body sometimes deteriorates upon taking
                  | damage. [potion of mutation]
 50338 | Lair:4   | Gained mutation: You have sharp toenails. [potion of
                  | mutation]
 50339 | Lair:4   | Lost mutation: You have sharp toenails. [potion of
                  | mutation]
 50339 | Lair:4   | Lost mutation: You do not regenerate when monsters are
                  | visible. [potion of mutation]
 50339 | Lair:4   | Lost mutation: You expend magic power (3 MP) to strengthen
                  | your wands. [potion of mutation]
 50339 | Lair:4   | Gained mutation: You are partially covered in iridescent
                  | scales. (AC +2) [potion of mutation]
 50339 | Lair:4   | Gained mutation: You occasionally lose the ability to drink
                  | potions when taking damage. [potion of mutation]
 50339 | Lair:4   | Gained mutation: Your mind is acute. (Int +4, Str/Dex -1)
                  | [potion of mutation]
 50738 | Depths:1 | Voluntarily entered the Abyss.
 50910 | Abyss:1  | Found a corrupted altar of Lugonu.
 51082 | Abyss:1  | Found a corrupted altar of Lugonu.
 51089 | Abyss:1  | Found a corrupted altar of Lugonu.
 51149 | Abyss:1  | Found a corrupted altar of Lugonu.
 51149 | Abyss:1  | Found a corrupted altar of Lugonu.
 51174 | Abyss:1  | Found a corrupted altar of Lugonu.
 51175 | Abyss:1  | Found a corrupted altar of Lugonu.
 51744 | Abyss:2  | Reached skill level 15 in Throwing
 51838 | Abyss:3  | Paralysed by accursed screaming for 1 turns
 51853 | Abyss:3  | Found a transporter.
 51878 | Abyss:3  | Noticed an ancient lich
 51916 | Abyss:3  | Found a transporter.
 51921 | Abyss:3  | Got an abyssal rune of Zot
 51923 | Abyss:3  | Found a transporter.
 51935 | Depths:1 | Escaped the Abyss
 52442 | Vaults:5 | Entered Level 5 of the Vaults
 52860 | Vaults:5 | Noticed an ancient lich
 53013 | Vaults:5 | Reached XP level 24. HP: 249/249 MP: 22/22
 53018 | Vaults:5 | Killed an ancient lich
 53018 | Vaults:5 | Noticed an ancient lich
 53100 | Vaults:5 | Killed an ancient lich
 53324 | Vaults:5 | Identified the +0 robe of the Demon Prince {rN+ Will+ Dex-3
                  | Slay+3}
 54114 | Vaults:5 | Got a silver rune of Zot
 54303 | Vaults:5 | Noticed an ancient lich
 54308 | Vaults:5 | Killed an ancient lich
 54509 | Vaults:5 | Found Vezyacupp's Book Shoppe.
 54676 | Vaults:5 | Noticed Mennas
 54694 | Vaults:5 | Killed Mennas
 54746 | Vaults:5 | Identified the +10 trident "Liunusch" {protect, rElec
                  | Str+3}
 54762 | Vaults:5 | Identified the +6 quarterstaff of the Weak God {heavy,
                  | Str+5 Int+3}
 54774 | Vaults:5 | Got the Anthology of Permutations
 54777 | Vaults:5 | Got Sif Muna's Handbook of the Fluctuating Crevasse
 54792 | Vaults:5 | Got Sif Muna's Atlas of Coordinates
 54888 | Vaults:5 | Got the Discursus on Mutagenic Clay
 54891 | Vaults:5 | Got Koseiwi's Incunable of the Vector
 54903 | Vaults:5 | Identified the staff of cold "Fyny" {rPois rC+ MP+9}
 55633 | Slime:3  | Gained mutation: You are clumsy. (Dex -2) [a shining eye]
 55769 | Slime:4  | Received a gift from Trog
 55800 | Slime:5  | Entered Level 5 of the Pits of Slime
 55972 | Slime:5  | Gained mutation: You are vulnerable to cold. (rC-) [a
                  | shining eye]
 55977 | Slime:5  | Noticed the Royal Jelly
 55979 | Slime:5  | Found a viscous altar of Jiyva.
 55979 | Slime:5  | Found the ring of the Mage {Wiz Archmagi}
 55986 | Slime:5  | Killed the Royal Jelly
 56022 | Slime:5  | Gained mutation: You are weak. (Str -2) [a shining eye]
 56050 | Slime:5  | Identified the +6 tower shield of Creativity {Rampage rC-
                  | Regen+ Str+7 Int-4}
 56052 | Slime:5  | Gained mutation: You do not regenerate when monsters are
                  | visible. [a shining eye]
 56052 | Slime:5  | Gained mutation: You are very vulnerable to cold. (rC--) [a
                  | shining eye]
 56053 | Slime:5  | Gained mutation: You sometimes lose your temper in combat.
                  | [a shining eye]
 56054 | Slime:5  | Lost mutation: Your mind is acute. (Int +4, Str/Dex -1) [a
                  | shining eye]
 56055 | Slime:5  | Gained mutation: You are frail. (-10% HP) [a shining eye]
 56082 | Slime:5  | Lost mutation: You do not regenerate when monsters are
                  | visible. [potion of mutation]
 56082 | Slime:5  | Lost mutation: You sometimes lose your temper in combat.
                  | [potion of mutation]
 56082 | Slime:5  | Lost mutation: You are frail. (-10% HP) [potion of
                  | mutation]
 56083 | Slime:5  | Lost mutation: You are very vulnerable to cold. (rC--)
                  | [potion of mutation]
 56083 | Slime:5  | Lost mutation: You are clumsy. (Dex -2) [potion of
                  | mutation]
 56083 | Slime:5  | Lost mutation: You are vulnerable to cold. (rC-) [potion of
                  | mutation]
 56083 | Slime:5  | Gained mutation: You are agile. (Dex +4, Str/Int -1)
                  | [potion of mutation]
 56083 | Slime:5  | Lost mutation: You are agile. (Dex +4, Str/Int -1) [potion
                  | of mutation]
 56083 | Slime:5  | Gained mutation: You are very weak. (Str -4) [potion of
                  | mutation]
 56084 | Slime:5  | Lost mutation: You are partially covered in iridescent
                  | scales. (AC +2) [potion of mutation]
 56084 | Slime:5  | Lost mutation: You are very weak. (Str -4) [potion of
                  | mutation]
 56084 | Slime:5  | Gained mutation: You are partially covered in iridescent
                  | scales. (AC +2) [potion of mutation]
 56084 | Slime:5  | Gained mutation: You expend magic power (3 MP) to
                  | strengthen your wands. [potion of mutation]
 56085 | Slime:5  | Lost mutation: You are partially covered in iridescent
                  | scales. (AC +2) [potion of mutation]
 56085 | Slime:5  | Lost mutation: You are weak. (Str -2) [potion of mutation]
 56085 | Slime:5  | Gained mutation: You have a pair of large horns on your
                  | head. [potion of mutation]
 56085 | Slime:5  | Gained mutation: You are somewhat resistant to further
                  | mutation. [potion of mutation]
 56086 | Slime:5  | Lost mutation: You expend magic power (3 MP) to strengthen
                  | your wands. [potion of mutation]
 56086 | Slime:5  | Lost mutation: You occasionally lose the ability to drink
                  | potions when taking damage. [potion of mutation]
 56086 | Slime:5  | Lost mutation: You are somewhat resistant to further
                  | mutation. [potion of mutation]
 56086 | Slime:5  | Gained mutation: You possess an exceptional clarity of
                  | mind. [potion of mutation]
 56086 | Slime:5  | Gained mutation: You are agile. (Dex +4, Str/Int -1)
                  | [potion of mutation]
 56218 | Slime:5  | Identified the staff of conjuration "Buusom" {Int+4}
 56240 | Slime:5  | Identified the ring "Lovoc" {rCorr Dex+3}
 56257 | Slime:5  | Identified the +7 morningstar "Zagol" {pain, rC+ Int+2}
 56262 | Slime:5  | Identified the +4 leather armour of Instinct {rN+++ Int+4
                  | Slay-6 Stlth-}
 56296 | Slime:5  | Got a slimy rune of Zot
 57090 | Zot:1    | Entered Level 1 of the Realm of Zot
 57386 | Crypt:1  | Entered Level 1 of the Crypt
 57450 | Crypt:1  | Found a transporter.
 57456 | Crypt:1  | Noticed Margery
 57510 | Crypt:1  | Identified the staff of poison "Gemyfol" {rElec rPois Str-5
                  | Dex+4}
 57533 | Crypt:1  | Received a gift from Trog
 57609 | Crypt:1  | Reached XP level 25. HP: 238/257 MP: 22/22
 57991 | Crypt:1  | Found a transporter.
 58338 | Crypt:1  | Killed Margery
 58350 | Crypt:1  | Received a gift from Trog
 58361 | Crypt:1  | Identified the +2 pair of gloves of Wu Jian's Envy {rPois
                  | rC+ Will+++}
 58362 | Crypt:1  | Identified the +0 pair of gloves "Teogat" {rElec Dex+3}
 58384 | Crypt:1  | Identified the +5 long sword of the Dragonfly {drain, rPois
                  | rN+ Int+3 Dex+3}
 59329 | Crypt:3  | Entered Level 3 of the Crypt
 59409 | Crypt:3  | Found a basalt altar of Yredelemnul.
 59419 | Crypt:3  | Received a gift from Trog
 59535 | Crypt:3  | Got Isiunow's Handbook of the Queen Bee
 59623 | Crypt:3  | Identified the ring of the Invisible Hand {Contam +Blink
                  | rPois rN+ Will+++}
 59644 | Crypt:3  | Identified the amulet "Yhottav" {rElec Regen+}
 59644 | Crypt:3  | Identified the ring of Rationality {rElec rN+ Int-3 Dex+7
                  | Stlth+}
 59683 | Crypt:3  | Noticed Zenata
 59698 | Crypt:3  | Killed Zenata
 59716 | Crypt:3  | Found a staircase to the Tomb.
 59881 | Crypt:3  | Received a gift from Trog
 59908 | Crypt:3  | Got the Compendium of the Frostbound Voyage
 60690 | Zot:1    | Found a transporter.
 60699 | Zot:1    | Noticed Vyqe's ghost (master MfIE)
 60702 | Zot:1    | Found a transporter.
 60892 | Zot:1    | Noticed an orb of fire
 60897 | Zot:1    | Killed an orb of fire
 61308 | Zot:1    | Reached XP level 26. HP: 240/266 MP: 22/22
 61586 | Zot:2    | Received a gift from Trog
 62850 | Zot:2    | Identified the staff of air "Jemuerua" {rElec rN++ Str-4}
 62967 | Zot:3    | Reached skill level 15 in Dodging
 63054 | Zot:3    | Found a shimmering altar of Xom.
 63059 | Zot:3    | Found a shimmering altar of Xom.
 63060 | Zot:3    | Found a shimmering altar of Xom.
 63061 | Zot:3    | Found a shimmering altar of Xom.
 63061 | Zot:3    | Found a glowing silver altar of Zin.
 63061 | Zot:3    | Found a shimmering altar of Xom.
 63071 | Zot:3    | Reached skill level 27 in Armour
 63081 | Zot:3    | Found a shimmering altar of Xom.
 63081 | Zot:3    | Found a shimmering altar of Xom.
 63190 | Zot:3    | Received a gift from Trog
 64152 | Zot:4    | Noticed an orb of fire
 64166 | Zot:4    | Killed an orb of fire
 64195 | Zot:4    | Identified the +3 whip "Arenerch" {drain, +Blink Int+2
                  | Stlth-}
 64196 | Zot:4    | Got the Book of The Black Sun
 65186 | Zot:5    | Entered Level 5 of the Realm of Zot
 65262 | Zot:5    | Reached skill level 10 in Evocations
 65592 | Zot:5    | Noticed an ancient lich
 65597 | Zot:5    | Noticed a dread lich
 65599 | Zot:5    | Noticed an orb of fire
 65601 | Zot:5    | Killed an ancient lich
 65602 | Zot:5    | Noticed an orb of fire
 65604 | Zot:5    | Killed an orb of fire
 65604 | Zot:5    | Noticed an orb of fire
 65608 | Zot:5    | Noticed an orb of fire
 65610 | Zot:5    | Killed a dread lich
 65611 | Zot:5    | Killed an orb of fire
 65612 | Zot:5    | Killed an orb of fire
 65613 | Zot:5    | Reached XP level 27. HP: 240/273 MP: 22/22
 65613 | Zot:5    | Killed an orb of fire
 65617 | Zot:5    | Noticed an ancient lich
 65631 | Zot:5    | Killed an ancient lich
 65642 | Zot:5    | Noticed an ancient lich
 65644 | Zot:5    | Killed an ancient lich
 65727 | Zot:5    | Identified the +3 mace of Wont {flame, rC++ Dex+5}
 66472 | Zot:5    | Got the Orb of Zot
 66936 | D:13     | Noticed Famay the pandemonium lord
 66944 | D:13     | Killed Famay the pandemonium lord
 67178 | D:$      | Escaped with the Orb!

Illustrated notes

Levels and vault maps discovered:
D:1:      heliophobic_arrival_ceremonial_halls, layout_basic
D:2:      layout_rooms, basic_altar, chequers_garden, uniq_sigmund, uniq_jessica
D:3:      layout_loops_ring, nicolae_gozag_zags_fifth_avenue,
          shapermc_ecumenical_altar_acropolis, dk_noncrumbling_4,
          ebering_dispersal_statue_hall
D:4:      layout_cave_pools, minmay_misc_feat_rows, minmay_tree_intersection,
          nicolae_shop_i_like_small_books_too, uniq_natasha, uniq_edmund,
          uniq_robin
D:5:      layout_rooms, xom_teletrap_fun, uniq_menkaure
D:6:      layout_loops_ring, hellmonk_okawaru_the_only_friend_you_need,
          mainiacjoe_overflow_tiny_flanked, serial_shops,
          nicolae_book_shop_shelving, nicolae_letterblocks
          [nicolae_letter_subblock, nicolae_letter_subblock,
          nicolae_letter_subblock, nicolae_letter_subblock,
          nicolae_letter_subblock, nicolae_letter_subblock,
          nicolae_letter_subblock, nicolae_letter_subblock,
          nicolae_letter_subblock, nicolae_letter_subblock,
          nicolae_letter_subblock, nicolae_letter_subblock,
          nicolae_letter_subblock, nicolae_letter_subblock,
          nicolae_letter_subblock, nicolae_letter_subblock,
          nicolae_letter_subblock, nicolae_letter_subblock,
          nicolae_letter_subblock, nicolae_letter_subblock,
          nicolae_letter_subblock, nicolae_letter_subblock,
          nicolae_letter_subblock, nicolae_letter_subblock,
          nicolae_letter_subblock]
D:7:      layout_cave_pools, nicolae_overflow_hidden_temple,
          minmay_temple_entry_enclosed_plants, kennysheep_minor_cross,
          bh_walls_and_bars, uniq_pikel
D:8:      layout_cave_pools, lair_entry_dummy, nicolae_zen_rock_garden,
          nicolae_stop_n_shop_1, kennysheep_generic_room_9
D:9:      wad_woods_minihive, layout_loops_corners,
          mainiacjoe_overflow_small_starburst, david_defended_altar_orc
D:10:     layout_basic, serial_shops, nicolae_shop_advertising_works
          [nicolae_subvault_shop_adworks], grunt_decor_mini_mirrors,
          uniq_maurice
D:11:     layout_roguey, serial_shops, nicolae_shop_bloodbath_and_beyond, shop,
          nicolae_shop_overgrown_old_shop, nicolae_shop_rolled_up,
          uniq_gastronok
D:12:     nicolae_hexawheel, layout_stronghold, erik_orc_1,
          fedhas_bush_and_centaur_altar
D:13:     layout_roguey, gauntlet_entry_generic, grunt_livestock,
          chequers_arboretum, minmay_mirror_moons_of_madness
D:14:     layout_grid_maze, david_vaults_4, nicolae_wwwww,
          nzn_hepliaklqana_mist_gate
D:15:     grunt_enter_depths_magical_seal, layout_cave_pods,
          hangedman_decor_slide_cut, uniq_rupert, uniq_kirke
Lair:1:   layout_gridlike, cheibrodos_lair_reptile_den, uniq_harold
Lair:2:   layout_loops_ring, hellmonk_spider_entry_not_the_bees,
          hellmonk_ghost_happy_afterlife, grunt_megastairs_1,
          serial_bayou_shore_b, lemuel_fruit_fields, uniq_fannar
Lair:3:   layout_cave_pods, shoals_dummy_entry
Lair:4:   minmay_lair_venomous_thicket, layout_long_grid, slime_entry_1,
          minivault_23, nicolae_lair_liquid_snakes, infiniplex_staircase_pool
Lair:5:   wormcave, layout_layer_cave, hangedman_lair_caniforms_friends,
          lemuel_fruit_fields
Shoals:1: layout_shoals, serial_shops, shop
Shoals:2: layout_shoals
Shoals:3: argonaut_golden_fleece, layout_shoals, serial_shops, shop,
          ebering_ghost_xom, nicolae_shoals_nymph_descending_staircase
Shoals:4: shoals_end_hangedman, layout_shoals
Spider:1: layout_spider_delve
Spider:2: layout_spider_delve, nicolae_spider_bug_shape
Spider:3: layout_spider_delve, nicolae_spider_cling_halls
Spider:4: johnstein_spider_rune_arachne_lair, uniq_mara, uniq_asterion,
          uniq_arachne
Slime:1:  layout_caves
Slime:2:  layout_caves
Slime:3:  layout_caves
Slime:4:  layout_caves, nicolae_slime_phagocytosis
Slime:5
Orc:1:    layout_caves, serial_shops, nicolae_square_shop,
          nicolae_shop_dealshenge, biasface_ghost_orc_armoury
Orc:2:    hellmonk_orc_salted, layout_caves, serial_shops, shop_coins,
          guppyfry_library_mini
Elf:1:    kennysheep_six_static_rooms, layout_onion_city, ebering_ghost_xom,
          minmay_elf_necromancy, nicolae_shop_gadgets
Elf:2:    nicolae_elf_blades_crystal_corner, layout_gridlike, serial_shops,
          nicolae_shop_tiny_statue_garden
Vaults:1: dpeg_vaults_monster_box, v_misc_30, nicolae_vaults_more_shelving_1,
          hangedman_vaults_snaps, v_rooms_6, nicolae_vaults_little_ls,
          vaults_room_corners, nicolae_vaults_apartment_2,
          nicolae_vaults_stand_back, vaults_room_ringed_pool,
          nicolae_vaults_offset_grid_hallway_3, nicolae_vaults_angled_halls,
          v_misc_25, vaults_dpeg_encased_lava, nicolae_vaults_tangram_1,
          nicolae_vaults_storage_room_statues, vaults_dpeg_ring,
          nicolae_vaults_double_plus_1, layout_vaults_ring, serial_shops,
          nicolae_shop_tiny_waterfront
Vaults:2: nicolae_vaults_stairing_the_circle, ontoclasm_vaults_pinch,
          vaults_room_door_hall, nicolae_vaults_little_squares_3,
          vaults_mumra_hex, nicolae_vaults_tetromino_Z_2,
          nicolae_vaults_little_squares_5, vaults_dpeg_cross,
          ontoclasm_vaults_idyll, nicolae_vaults_mitosis,
          nicolae_vaults_trapezoid_lopsided_4, nicolae_vaults_tetromino_T_1,
          grunt_vaults_funnel, vaults_dpeg_hooks, vaults_room_hallway,
          hangedman_vaults_maws, nicolae_vaults_shelves_hall,
          layout_vaults_big_room, serial_shops, nicolae_shop_just_a_little_nook,
          uniq_aizul
Vaults:3: nicolae_vaults_offset_grid_hallway_1,
          minmay_crypt_entry_simple_statues, vaults_dpeg_doors,
          nicolae_vaults_storage_closets_2, vaults_room_door_ring,
          ontoclasm_vaults_loading_screen, nicolae_vaults_border_crossing,
          nicolae_vaults_tangram_2, vaults_mumra_chevron_long,
          vaults_dpeg_emergency_exit, v_misc_11, nicolae_vaults_tetromino_Z_2,
          nicolae_vaults_specimen_jars, nicolae_vaults_variable_pillar_hall,
          nicolae_vaults_surprise_closet_hard, nicolae_vaults_mini_display_case,
          layout_vaults_omnibox, uniq_jory, uniq_sojobo
Vaults:4: ontoclasm_vaults_shuriken, v_alt_pattern_1,
          nicolae_vaults_door_testing_chamber, nicolae_vaults_lightning_bolt,
          hangedman_vaults_capsules, ontoclasm_vaults_spin,
          layout_vaults_omnigrid, nicolae_trove_entry_columns
Vaults:5: serial_shops, uniq_mennas
Crypt:1:  gammafunk_sealed_arena, layout_chaotic_city, lemuel_upstairs_altar,
          grunt_crypt_arrival_split, grunt_megastairs_4, uniq_margery
Crypt:2:  layout_basic, grunt_ministairs_8, minivault_23
Crypt:3:  grunt_crypt_end_deaths_head, uniq_zenata
Depths:1: layout_roguey [special_room_morgue], nrook_campfire, abyss_entry,
          hangedman_tar_grid_catacomb, chequers_serial_rivers_marsh,
          trog_three_pillars_becter
Depths:2: minmay_containers, layout_gridville, enter_ziggurat_e,
          hangedman_abyss_entry_splay, lightli_too_deep, rand_demon_pan_entry_3,
          lemuel_tele_altar, infiniplex_staircase_pool_2
Depths:3: minmay_the_grid_3x3 [minmay_the_grid_large_cup,
          minmay_the_grid_zigzag_pyramid, minmay_the_grid_minigrid_small,
          minmay_the_grid_spikes, minmay_the_grid_fan,
          minmay_the_grid_stretched_grid, minmay_the_grid_eight,
          minmay_the_grid_all_tris, minmay_the_grid_prize_diamond_cup],
          layout_cave_pools, hell_entry, abyss_entry, minmay_misc_feat_tiny,
          infiniplex_staircase_zigzag_4
Depths:4: evilmike_zot_entry_basic, layout_honeycomb, serial_shops,
          bzr_entry_gold, hell_entry, minmay_strange_pillars,
          minmay_multi_spiral, uniq_vv, uniq_frederick
Zot:1:    layout_cathedral_of_symmetry, gammafunk_ghost_arena
Zot:2:    gammafunk_mikee_crab_dinner, layout_concentric_octagons,
          grunt_megastairs_3
Zot:3:    dreamdust_zin_vs_xom, layout_concentric_octagons
Zot:4:    dreamdust_black_sun_cult, layout_basic
Zot:5:    layout_misc_corridors, lemuel_flame_loot_1

Skill      XL: |  1  2  3  4  5  6  7  8  9 10 11 12 13 14 15 16 17 18 19 20 21 22 23 24 25 26 27 |
---------------+----------------------------------------------------------------------------------+-----
Axes           | 3 4 5 6 8 9 11 12 13 14 15 16 18 20 21 23 24 25 26 27 | 27.0
Fighting       | 5 7 9 11 12 13 14 16 17 18 19 20 22 24 26 27 | 27.0
Shields        | 5 8 11 14 16 17 19 21 | 21.0
Armour         | 4 6 8 10 11 12 14 15 17 18 20 22 23 25 26 27 | 27.0
Dodging        | 2 6 8 10 11 14 17 19 | 19.6
Throwing       | 4 5 7 9 11 12 14 15 17 19 20 | 20.0
Evocations     | 4 5 6 11 13 | 13.4

Action                     |  1- 3 |  4- 6 |  7- 9 | 10-12 | 13-15 | 16-18 | 19-21 | 22-24 | 25-27 || total
---------------------------+-------+-------+-------+-------+-------+-------+-------+-------+-------++-------
  Melee: Broad axe         |    46 |   111 |   115 |    67 |  1004 |  1271 |  1034 |  1249 |  1051 ||  5948
         Headbutt          |     3 |    13 |    48 |   106 |   218 |   254 |   282 |   350 |   333 ||  1607
         War axe           |       |       |   155 |   497 |    33 |       |       |       |       ||   685
  Throw: Dart              |       |     9 |     5 |    16 |     9 |       |       |       |       ||    39
         Javelin           |       |       |       |       |       |    22 |     5 |     7 |    23 ||    57
 Invoke: Berserk           |       |       |       |     2 |     7 |    13 |    13 |    10 |     8 ||    53
         Trog's Hand       |       |       |       |     1 |     3 |     6 |     7 |     9 |    10 ||    36
         Brothers in Arms  |       |       |       |       |     3 |     7 |     9 |     5 |    10 ||    34
  Evoke: Wand              |       |       |       |     1 |       |     1 |     1 |       |     1 ||     4
         Phantom mirror    |       |       |       |       |       |     1 |     2 |     2 |       ||     5
         Condenser vane    |       |       |       |       |       |       |     1 |     1 |       ||     2
    Use: Scroll            |     1 |     4 |     3 |    14 |     8 |    13 |     6 |     9 |     1 ||    59
         Potion            |       |       |       |     1 |       |     3 |       |    12 |     1 ||    17
   Stab: Distracted        |       |       |       |       |     1 |     2 |     3 |       |       ||     6
 Armour: Scale mail        |    20 |    37 |       |       |       |       |       |       |       ||    57
         Plate armour      |       |     6 |   136 |   218 |   173 |       |       |       |       ||   533
         Fire dragon scale |       |       |       |       |    21 |       |       |       |       ||    21
         Gold dragon scale |       |       |       |       |   140 |   486 |   504 |   446 |   209 ||  1785
  Dodge: Dodged            |    18 |    44 |    57 |   123 |   224 |   272 |   251 |   254 |   185 ||  1428
         Repelled          |       |       |       |       |     2 |     1 |       |       |       ||     3
  Block: Buckler           |    11 |    30 |    15 |       |       |       |       |       |       ||    56
         Kite shield       |       |       |    85 |   304 |   626 |  1002 |   692 |       |       ||  2709
         Reflection        |       |       |       |       |       |    88 |    28 |    80 |    19 ||   215
         Tower shield      |       |       |       |       |       |       |    49 |  1158 |   909 ||  2116

Table legend: (Time is in decaauts)
 A = Elapsed time spent in this place.
 B = Non-inter-level travel time spent in this place.
 C = Inter-level travel time spent in this place.
 D = Time resting spent in this place.
 E = Time spent auto-exploring this place.
 F = Levels seen in this place.
 G = Mean time per level.
                   A        B        C        D        E       F      G
               +--------+--------+--------+--------+--------+-----+--------+
         Total |  66685 |  59600 |   7085 |   2945 |  44145 |  60 | 1111.4 |
       Dungeon |  18029 |  14634 |   3395 |    369 |  11479 |  15 | 1201.9 |
          Lair |   6363 |   5487 |    876 |    104 |   4325 |   5 | 1272.6 |
        Shoals |   4544 |   4413 |    131 |    154 |   3126 |   4 | 1136.0 |
   Spider Nest |   4157 |   3989 |    168 |    640 |   2506 |   4 | 1039.2 |
    Slime Pits |   1419 |   1305 |    114 |    147 |    814 |   5 |  283.8 |
  Orcish Mines |   2100 |   1915 |    185 |      0 |   1509 |   2 | 1050.0 |
   Elven Halls |   3756 |   3550 |    206 |    152 |   2711 |   2 | 1878.0 |
        Vaults |   8382 |   7686 |    696 |    336 |   5835 |   5 | 1676.4 |
         Crypt |   2778 |   2602 |    176 |    199 |   1674 |   3 |  926.0 |
        Depths |   7333 |   6652 |    681 |    469 |   5025 |   4 | 1833.2 |
           Zot |   6087 |   5635 |    452 |    316 |   4135 |   5 | 1217.4 |
         Abyss |   1183 |   1183 |      0 |     57 |    669 |   3 |  394.3 |
        Bazaar |    237 |    237 |      0 |      0 |    228 |   1 |  237.0 |
         Trove |     39 |     39 |      0 |      0 |      1 |   1 |   39.0 |
      Gauntlet |    270 |    270 |      0 |      0 |    104 |   1 |  270.0 |
               +--------+--------+--------+--------+--------+-----+--------+

Top non-repeatable levels by time:
   Elf:1: 2388 daAuts
Vaults:4: 2347 daAuts
Depths:4: 2215 daAuts
    D:12: 2205 daAuts
Depths:3: 1976 daAuts
Depths:1: 1857 daAuts
     D:6: 1716 daAuts
Vaults:3: 1703 daAuts
Vaults:5: 1652 daAuts
     D:9: 1648 daAuts
    D:14: 1601 daAuts
   Orc:2: 1525 daAuts
Shoals:4: 1522 daAuts
  Lair:5: 1517 daAuts
Spider:4: 1454 daAuts
